 Dungeon Crawl Stone Soup version 0.18.1-1-g2f07953 (webtiles) character file.

25672 Canard the Quickloader (level 13, -10/84 HPs)
             Began as a Kobold Hunter on May 6, 2016.
             Was a High Priest of Trog.
             Mangled by an ice devil (23 damage)
             ... in an ice cave.
             The game lasted 01:06:56 (16638 turns).

Canard the Quickloader (Kobold Hunter)             Turns: 16638, Time: 01:06:57

Health: -10/84     AC: 11    Str: 11    XL:     13   Next: 52%
Magic:  13/13      EV: 29    Int:  4    God:    Trog [*****.]
Gold:   866        SH:  5    Dex: 25    Spells: 0 memorised, 12 levels left

rFire  . . .     SeeInvis +     a - +1 hand crossbow
rCold  . . .     Gourm    .     t - +3 leather armour {rPois}
rNeg   . . .     Faith    .     (shield restricted)
rPois  +         Spirit   .     C - +0 helmet
rElec  .         Dismiss  .     s - +0 cloak of the Kettle-Drum {MR+++ Int-5 Dex+2 SInv}
rCorr  .         Reflect  +     (no gloves)
SustAt .         Harm     .     (no boots)
MR     +++++                    X - +5 amulet of reflection
Stlth  +++++++...               y - +3 ring of protection
                                u - ring of stealth

@: regenerating, almost entirely resistant to hostile enchantments, extremely
stealthy
A: thin skeletal structure 1, carnivore 3, regeneration 1, subdued magic 1
a: Berserk, Trog's Hand, Brothers in Arms, Burn Spellbooks, Renounce Religion


You were in an ice cave.
You worshipped Trog.
Trog was extremely pleased with you.
You were very full.

You visited 3 branches of the dungeon, and saw 15 of its levels.
You also visited: Labyrinth and Ice Cave.

You collected 866 gold pieces.

Inventory:

Hand Weapons
 a - a +1 hand crossbow (weapon)
 b - a +2 short sword of draining
   (You took it off an orc on level 2 of the Dungeon)
Missiles
 o - 29 stones
 v - 107 bolts (quivered)
 A - 2 throwing nets
Armour
 s - the +0 cloak of the Kettle-Drum (worn) {MR+++ Int-5 Dex+2 SInv}
   (You acquired it on level 2 of the Lair of Beasts)

   It affects your intelligence (-5).
   It affects your dexterity (+2).
   It affects your resistance to hostile enchantments.
   It lets you see invisible.
 t - a +3 leather armour of poison resistance (worn)
   (You found it on level 7 of the Dungeon)
 C - a +0 helmet (worn)
   (You found it on level 1 of the Lair of Beasts)
Rods
 e - a +2 lightning rod (12/12)
   (You took it off a minotaur in a labyrinth)
Jewellery
 u - a ring of stealth (left hand)
   (You found it on level 4 of the Dungeon)
 y - a +3 ring of protection (right hand)
   (You found it on level 6 of the Dungeon)
 B - an uncursed ring of protection from magic
   (You found it on level 6 of the Dungeon)
 X - a +5 amulet of reflection (around neck)
   (You found it on level 4 of the Lair of Beasts)
Wands
 d - a wand of digging (23/24)
   (You found it on level 6 of the Dungeon)
 m - a wand of iceblast (10/15)
   (You found it on level 7 of the Dungeon)
 x - a wand of polymorph (10/24)
   (You found it on level 6 of the Dungeon)
 E - a wand of slowing (14/48)
   (You found it in a labyrinth)
 F - a wand of paralysis (11/24)
   (You found it on level 5 of the Lair of Beasts)
 P - a wand of acid (2/15)
   (You found it on level 9 of the Dungeon)
 S - a wand of flame (16/48)
   (You found it on level 4 of the Lair of Beasts)
Scrolls
 g - 2 scrolls of identify
 h - 5 scrolls of magic mapping
 i - 5 scrolls of remove curse
 j - 3 scrolls of fear
 k - 2 scrolls of fog
 l - 3 scrolls of recharging
 p - 2 scrolls of enchant armour
 r - 5 scrolls of enchant weapon
 D - a scroll of holy word {unknown}
 M - 7 scrolls of teleportation
 V - a scroll of immolation
Potions
 n - 2 potions of agility
 q - 2 potions of lignification
 w - a potion of haste
 z - 2 potions of curing
 I - 2 potions of flight
 J - a potion of invisibility
 K - a potion of berserk rage
 L - 3 potions of ambrosia
 Y - a potion of cancellation
Comestibles
 c - a royal jelly
 f - 10 meat rations


   Skills:
 - Level 11.5 Fighting
 - Level 12.1 Short Blades
 - Level 13.8 Crossbows
 + Level 12.8 Dodging
 - Level 9.5 Stealth


You had 12 spell levels left.
You didn't know any spells.

Dungeon Overview and Level Annotations

Branches:
Dungeon (9/15)             Temple (1/1) D:5            Lair (5/8) D:9
  Swamp: Lair:3-6    Shoals: Lair:3-6     Snake: Lair:3-6    Spider: Lair:3-6
    Orc: D:9-12

Altars:
Ashenzari
Cheibriados
Dithmenos
Elyvilon
Fedhas
Gozag
Kikubaaqudgha
Makhleb
Nemelex Xobeh
Okawaru
Pakellas
Qazlal
Ru
Sif Muna
Trog
Vehumet
Xom
Yredelemnul
Zin
The Shining One

Shops:
D:6 }


Innate Abilities, Weirdness & Mutations

You are small and have problems with some larger weapons.
You are carnivorous and can eat meat at any time.
You have a somewhat thin skeletal structure (Dex +2, Stealth).
Your natural rate of healing is unusually fast.
Your spells are a little easier to cast, but a little less powerful.


Message History

Press: ? - help, Shift-Dir - straight line, f/p - ice devil
Aim: an ice devil (heavily wounded)
You shoot a bolt. The bolt hits the ice devil.
The ice devil is severely wounded.
The ice devil hits you!
* * * LOW HITPOINT WARNING * * *
The ice devil freezes you!!
* * * LOW HITPOINT WARNING * * *
Huge Dmg: -37%(-31hp) hp: 21%(17hp)
Press: ? - help, v - describe, . - travel
Here: an ice devil (severely wounded)
The floor.
Unknown command.
You fail to use your ability.
The ice devil closely misses you.
Your skin crawls.
You feel resistant to hostile enchantments.
You feel slightly less full. The ice devil hits you!
* * * LOW HITPOINT WARNING * * *
The ice devil freezes you!!
You die...

#...## #..## ##..## ##..#
####..#### #.#....#§###
#.....§§§§.###
##....§§§§§...####
#.....§§§§§§.@4..######
##....§§§...#.......((##.
#.....§..§.###.#......(....
##........## ######..##.(..
##...##### ..## .(# #####
..# # #... ##.. ###.


You could see an ice devil.

Vanquished Creatures
  A minotaur (Lab)
  Erolcha (D:9)
  2 hydras
  2 catoblepae
  6 elephants (Lair:5)
  3 black mambas
  The ghost of George the Carver, a novice MiFi of the Shining One (D:5)
  2 ice statues (IceCv)
  A komodo dragon (Lair:4)
  7 spiny frogs
  6 rime drakes
  A basilisk (Lair:1)
  26 yaks
  4 hippogriffs
  A mottled dragon (D:7)
  10 water moccasins
  A soldier ant (D:8)
  2 hell hounds (D:9)
  2 porcupines
  11 ice beasts
  A black bear (Lair:4)
  2 phantoms (D:8)
  2 sky beasts
  4 centaurs
  5 ogres
  12 wolves
  A big kobold (D:9)
  9 crocodiles
  Blork the orc (D:5)
  11 giant frogs
  3 scorpions
  6 electric eels
  A giant frog zombie (D:5)
  4 howler monkeys
  4 crimson imps
  3 jellies (D:9)
  A giant frog skeleton (D:9)
  2 hounds
  5 orc priests
  9 orc wizards
  Natasha (thrice) (D:3)
  9 iguanas
  8 worker ants
  8 sheep (Lair:1)
  2 hound zombies
  A hound skeleton (D:8)
  A howler monkey zombie (D:8)
  4 gnolls (D:4)
  10 adders
  18 river rats
  A shadow imp (D:8)
  4 white imps (IceCv)
  5 ufetubi (IceCv)
  An ooze (D:4)
  2 worms
  5 dart slugs
  6 giant geckos
  27 orcs
  4 giant cockroaches
  3 goblins
  4 hobgoblins
  11 jackals
  8 kobolds
  2 quokkas
  5 bats
  2 giant gecko skeletons
  8 giant newts
  A jackal skeleton (D:7)
  6 rats
345 creatures vanquished.

Vanquished Creatures (collateral kills)
  A hydra (Lair:3)
  A komodo dragon (Lair:3)
  An ice beast (Lair:5)
  2 necrophages (Lair:5)
5 creatures vanquished.

Vanquished Creatures (others)
  4 ufetubi (IceCv)
  A kobold (D:9)
  A bush (Lair:3)
  6 fungi
  14 plants
26 creatures vanquished.

Grand Total: 376 creatures vanquished

Notes
Turn   | Place    | Note
--------------------------------------------------------------
     0 | D:1      | Canard the Kobold Hunter began the quest for the Orb.
     0 | D:1      | Reached XP level 1. HP: 12/12 MP: 1/1
    53 | D:1      | Reached skill level 1 in Short Blades
   106 | D:1      | Reached XP level 2. HP: 17/17 MP: 2/2
   706 | D:1      | Reached XP level 3. HP: 20/21 MP: 3/3
   995 | D:2      | Found a bloodstained altar of Trog.
  1002 | D:2      | Became a worshipper of Trog the Wrathful
  1272 | D:2      | Found a bloodstained altar of Trog.
  1329 | D:2      | Found an iron altar of Okawaru.
  1719 | D:3      | Found a faded altar to an unknown god.
  1783 | D:2      | Reached XP level 4. HP: 13/26 MP: 4/4
  2313 | D:3      | Reached * piety under Trog
  2431 | D:3      | Noticed Natasha
  2438 | D:3      | Killed Natasha
  2438 | D:3      | Reached skill level 5 in Short Blades
  2848 | D:3      | Noticed Natasha
  2850 | D:3      | Reached XP level 5. HP: 30/30 MP: 5/5
  2853 | D:3      | Killed Natasha
  3273 | D:3      | Noticed Natasha
  3278 | D:3      | Killed Natasha
  3488 | D:3      | Reached XP level 6. HP: 35/35 MP: 6/6
  3599 | D:3      | Gained mutation: Your natural rate of healing is unusually fast. [potion of mutation]
  3599 | D:3      | Gained mutation: Your spells are a little easier to cast, but a little less powerful. [potion of mutation]
  3599 | D:3      | Gained mutation: You have a somewhat thin skeletal structure (Dex +2, Stealth). [potion of mutation]
  3822 | D:4      | Reached ** piety under Trog
  4055 | D:4      | Noticed an ogre
  4060 | D:4      | Killed an ogre
  4060 | D:4      | Reached XP level 7. HP: 40/40 MP: 7/7
  4735 | D:5      | Entered Level 5 of the Dungeon
  4760 | D:5      | Found a staircase to the Ecumenical Temple.
  4769 | Temple   | Entered the Ecumenical Temple
  4841 | D:5      | Found a blossoming altar of Fedhas.
  4877 | D:5      | Reached skill level 10 in Short Blades
  4992 | D:5      | Found a white marble altar of Elyvilon.
  5049 | D:5      | Reached XP level 8. HP: 44/44 MP: 8/8
  5079 | D:5      | Noticed Blork the orc
  5097 | D:5      | Killed Blork the orc
  5097 | D:5      | Reached skill level 5 in Stealth
  5244 | D:5      | Found a glowing golden altar of the Shining One.
  5320 | D:5      | Noticed George's ghost (novice MiFi)
  5932 | D:5      | Killed George's ghost
  6339 | D:6      | Found a shattered altar of Ashenzari.
  6430 | D:6      | Reached XP level 9. HP: 48/48 MP: 9/9
  6543 | D:6      | Found Yblauf's Gadget Shoppe.
  6930 | D:6      | Found a shattered altar of Ashenzari.
  7306 | D:7      | Reached *** piety under Trog
  7306 | D:7      | Reached skill level 5 in Fighting
  7859 | D:7      | Reached skill level 5 in Dodging
  8001 | D:7      | Found a deep blue altar of Sif Muna.
  8289 | D:7      | Reached XP level 10. HP: 59/59 MP: 10/10
  8591 | D:8      | Reached **** piety under Trog
  8837 | D:8      | Found a radiant altar of Vehumet.
  9035 | D:9      | Found a shadowy altar of Dithmenos.
  9052 | D:9      | Noticed Erolcha
  9200 | D:9      | Killed Erolcha
  9331 | D:9      | Found a staircase to the Lair.
  9460 | D:9      | Reached skill level 10 in Dodging
  9472 | D:8      | Found a shimmering altar of Xom.
  9570 | D:9      | Reached XP level 11. HP: 69/69 MP: 11/11
  9886 | Lair:1   | Entered Level 1 of the Lair of Beasts
  9888 | Lair:1   | Reached skill level 5 in Crossbows
 10014 | Lair:1   | Reached skill level 6 in Crossbows
 10052 | Lair:1   | Reached skill level 7 in Crossbows
 10150 | Lair:1   | Reached skill level 8 in Crossbows
 10249 | Lair:1   | Reached skill level 9 in Crossbows
 10301 | Lair:1   | Received a gift from Trog
 10490 | Lair:1   | Received a gift from Trog
 10812 | Lair:1   | Reached skill level 10 in Crossbows
 11191 | Lair:2   | Reached ***** piety under Trog
 11238 | Lair:2   | Reached skill level 11 in Crossbows
 11320 | Lair:2   | Found a labyrinth entrance.
 11325 | Lab      | Entered a labyrinth
 11517 | Lab      | Noticed a minotaur
 11539 | Lab      | Killed a minotaur
 11539 | Lab      | Reached XP level 12. HP: 75/75 MP: 12/12
 11546 | Lab      | Got an encrusted hunting sling
 11558 | Lair:2   | Identified the +9 hunting sling "Spiderbane" {venom, Str+3 Int+4 Dex+4 SInv} (You took it off a minotaur in a labyrinth)
 11593 | Lair:2   | Identified a scroll of acquirement
 11594 | Lair:2   | Got a polished cloak
 11600 | Lair:2   | Identified the +0 cloak of the Kettle-Drum {MR+++ Int-5 Dex+2 SInv} (You acquired it on level 2 of the Lair of Beasts)
 11720 | Lair:2   | Received a gift from Trog
 11720 | Lair:2   | Reached skill level 12 in Crossbows
 11860 | Lair:2   | You fall through a shaft for 2 floors!
 11860 | Lair:4   | Noticed a five-headed hydra
 11873 | Lair:3   | Killed a five-headed hydra
 12050 | Lair:2   | Reached skill level 13 in Crossbows
 12309 | Lair:3   | Noticed a catoblepas
 12344 | Lair:3   | Killed a catoblepas
 12754 | Lair:3   | Noticed a seven-headed hydra
 13356 | Lair:4   | Reached skill level 10 in Fighting
 13428 | Lair:4   | Noticed a six-headed hydra
 13956 | Lair:4   | Noticed a four-headed hydra
 14116 | Lair:3   | Killed a seven-headed hydra
 14286 | Lair:4   | Killed a four-headed hydra
 14286 | Lair:4   | Reached XP level 13. HP: 83/83 MP: 13/13
 15027 | Lair:5   | Received a gift from Trog
 15170 | Lair:5   | Noticed a catoblepas
 15233 | Lair:5   | Killed a catoblepas
 15387 | Lair:5   | Received a gift from Trog
 15645 | Lair:5   | Found a frozen archway.
 15790 | IceCv    | Entered an ice cave
 16638 | IceCv    | Mangled by an ice devil

Skill      XL: |  1  2  3  4  5  6  7  8  9 10 11 12 13 |
---------------+----------------------------------------+-----
Short Blades   | 2 3 4 5 7 9 10 12 | 12.1
Stealth        | 4 5 7 9 |  9.5
Fighting       | 5 8 10 11 | 11.5
Dodging        | 7 10 12 | 12.8
Crossbows      | 11 13 | 13.8

Action                   |  1- 3 |  4- 6 |  7- 9 | 10-12 | 13-15 || total
-------------------------+-------+-------+-------+-------+-------++-------
Melee: Short sword       |    70 |   104 |   244 |   912 |   525 ||  1855
 Fire: Hand crossbow     |    17 |    40 |    60 |   138 |    58 ||   313
Invok: Burn Spellbooks   |     1 |       |     2 |       |     2 ||     5
       Berserk           |       |     1 |     6 |     5 |     1 ||    13
       Trog's Hand       |       |       |       |     1 |     1 ||     2
       Brothers in Arms  |       |       |       |     2 |     1 ||     3
  Use: Potion            |       |     3 |       |       |       ||     3
       Scroll            |       |       |    13 |     9 |       ||    22
 Stab: Sleeping          |     7 |     3 |    16 |    23 |     3 ||    52
       Distracted        |     1 |       |     1 |     2 |     2 ||     6
  Eat: Chunk             |    10 |     9 |    17 |    27 |     7 ||    70
Armor: Leather armour    |    14 |    11 |    22 |    85 |    42 ||   174
Dodge: Dodged            |    51 |    54 |   100 |   548 |   324 ||  1077
Block: Other             |       |       |       |       |    70 ||    70
